 Dungeon Crawl Stone Soup version 0.25-a0-105-g2289b3b9f1 (webtiles) character file.

Game seed: 13412604208768195959, levelgen mode: deterministic

108 MrRokkomies the Sneak (level 4, -1/30 HPs)
             Began as a Vampire Enchanter on Nov 16, 2019.
             Was an Initiate of Kikubaaqudgha.
             Slain by a gnoll
             ... wielding a +1 halberd of flaming
              (5 damage)
             ... on level 3 of the Dungeon.
             The game lasted 00:08:36 (2199 turns).

MrRokkomies the Sneak (Vampire Enchanter)           Turns: 2199, Time: 00:08:38

Health: -1/30      AC:  2    Str:  7    XL:     4   Next: 58%
Magic:  3/7        EV: 12    Int: 18    God:    Kikubaaqudgha [......]
Gold:   115        SH:  5    Dex: 14    Spells: 1/7 levels left

rFire    . . .     SeeInvis +   a - +1 dagger (speed)
rCold    . . .     Gourm    .   h - +1 buckler
rNeg     . . .     Faith    .   b - +0 robe
rPois    .         Spirit   .   (no helmet)
rElec    .         Reflect  .   (no cloak)
rCorr    .         Harm     .   (no gloves)
MR       .....                  (no boots)
Stlth    +++.......             (no amulet)
HPRegen  0.30/turn              (no ring)
MPRegen  0.10/turn              (no ring)

@: lethally poisoned (-1 -> -2), regenerating quickly
A: no food, fangs 3, see invisible, unbreathing
a: Exsanguinate, Renounce Religion


You were on level 3 of the Dungeon.
You worshipped Kikubaaqudgha.
Kikubaaqudgha was noncommittal.
You were alive.

You visited 1 branch of the dungeon, and saw 3 of its levels.

You collected 115 gold pieces.

Inventory:

Hand Weapons
 a - a +1 dagger of speed (weapon)
Armour
 b - a +0 robe (worn)
 h - a +1 buckler (worn)
Scrolls
 c - 4 scrolls of remove curse
 g - 5 scrolls of teleportation
 j - a scroll of amnesia
 k - 2 scrolls of identify {unknown}
Potions
 d - a potion of brilliance {unknown}
 e - a potion of lignification {unknown}
 f - a potion of mutation {unknown}


   Skills:
 * Level 3.0 Short Blades
 - Level 2.1 Dodging
 + Level 5.4 Stealth
 * Level 1.6 Shields
 - Level 2.0 Spellcasting
 + Level 5.2 Hexes


You had one spell level left.
You knew the following spells:

 Your Spells              Type           Power        Failure   Level  Hunger
a - Confuse               Hex            ###.....     9%          3    N/A
b - Ensorcelled Hibernat  Hex/Ice        ##....       13%         2    N/A
c - Confusing Touch       Hex            ###...       2%          1    N/A

Your spell library contained the following spells:

 Spells                   Type           Power        Failure   Level  Hunger
 Corona                   Hex            ###....      2%          1    N/A
 Tukima's Dance           Hex            ###.....     9%          3    N/A
 Dazzling Spray           Conj/Hex       ##....       26%         3    N/A
 Gell's Gravitas          Tloc           #.........   58%         3    N/A
 Metabolic Englaciation   Hex/Ice        ##........   93%         5    N/A
 Yara's Violent Unravell  Hex/Tmut       ##........   93%         5    N/A
 Petrify                  Tmut/Erth      #.......     94%         4    N/A

Dungeon Overview and Level Annotations

Branches:
Dungeon (3/15)

Altars:
Dithmenos
Kikubaaqudgha
Ru


Innate Abilities, Weirdness & Mutations

You do not eat.
Your natural rate of healing is unusually fast.
You have razor-sharp teeth.
You have supernaturally acute eyesight. (SInv)
You can survive without breathing.


Message History

The gnoll hits you with a +1 halberd of flaming!
The gnoll burns you.
An adder comes into view.
You are too injured to fight recklessly!
You are too injured to fight recklessly!
You are too injured to fight recklessly!
You are too injured to fight recklessly!
You are too injured to fight recklessly!
The adder hisses angrily.
You hit the gnoll but do no damage.
The gnoll appears confused.
You feel sick.
The orc shouts!
You hit the gnoll.
The gnoll is lightly wounded.
You hit the gnoll.
The gnoll is moderately wounded.
The gnoll hits you with a +1 halberd of flaming!
* * * LOW HITPOINT WARNING * * *
The gnoll burns you.
You die...
Kikubaaqudgha rasps: "You have failed me!
Welcome... death!"

#....<......§
##.##>.........o
###..##.......o...
##.......S....##.§§ .
##......#..o.... §§ ..
#.........#...... §
#..#................§
.....#.g..............
...(....@........
.............####
...#.#.#†#####
##.#.#.#.# %....#.# ##
#..#.##### #.
#....#.%.###########.
#.##<#.≈.#...........
######..#.≈.###.#######.


You could see a gnoll (confused), an adder and an orc.

Vanquished Creatures
  An orc wizard (D:2)
  A gnoll (D:2)
  2 adders
  A worm (D:2)
  A leopard gecko (D:2)
  An orc (D:3)
  A giant cockroach (D:1)
  9 goblins
  6 hobgoblins
  3 jackals (D:1)
  A quokka (D:3)
  6 bats
  3 frilled lizards
  6 kobolds
  3 rats
45 creatures vanquished.

Notes
Turn   | Place    | Note
-------+----------+-------------------------------------------
     0 | D:1      | MrRokkomies the Vampire Enchanter began the quest for the
                  | Orb.
     0 | D:1      | Reached XP level 1. HP: 13/13 MP: 3/3
   185 | D:1      | Reached XP level 2. HP: 19/19 MP: 5/5
   189 | D:1      | Learned a level 2 spell: Ensorcelled Hibernation
   881 | D:2      | Reached skill level 5 in Stealth
   881 | D:2      | Reached XP level 3. HP: 14/24 MP: 3/6
   976 | D:2      | Reached skill level 5 in Hexes
  1112 | D:2      | Reached skill level 1 in Shields
  1497 | D:2      | Found a sacrificial altar of Ru.
  1547 | D:3      | Found a shadowy altar of Dithmenos.
  1672 | D:2      | Reached XP level 4. HP: 27/30 MP: 2/7
  1677 | D:2      | Learned a level 3 spell: Confuse
  2056 | D:3      | Found an ancient bone altar of Kikubaaqudgha.
  2068 | D:3      | Learned a level 1 spell: Confusing Touch
  2137 | D:3      | Became a worshipper of Kikubaaqudgha
  2199 | D:3      | Slain by a gnoll

Levels and vault maps discovered:
D:1:      dpeg_arrival_oval, layout_loops_ring, moated_statue
D:2:      layout_basic, nicolae_ru_awakened_eye
D:3:      layout_rooms, grunt_dithmenos_smoke, lemuel_crystal_altar,
          dk_vineyard_2

Skill      XL: |  1  2  3  4 |
---------------+-------------+-----
Short Blades   | 2 3 |  3.0
Stealth        | 5 |  5.4
Hexes          | 5 |  5.2
Shields        | 1 |  1.6
Dodging        | |  2.1
Spellcasting   | |  2.0

Action                   |  1- 3 |  4- 6 || total
-------------------------+-------+-------++-------
Melee: Dagger            |   126 |    20 ||   146
       Bite              |     4 |     1 ||     5
 Cast: Ensorcelled Hiber |    10 |     8 ||    18
       Confusing Touch   |       |     1 ||     1
  Use: Scroll            |     7 |     1 ||     8
 Stab: Sleeping          |    18 |     5 ||    23
Armor: Robe              |     9 |     1 ||    10
Dodge: Dodged            |    58 |    11 ||    69
Block: Buckler           |    12 |     3 ||    15

Table legend:
 A = Non-vault XP
 B = Vault XP
 C = Vault XP percentage of total XP
 D = Non-vault monster count
 E = Vault monster count
 F = Vault count percentage of total count
                 A         B        C        D         E       F
            +---------+---------+-------+---------+---------+-------
      Total |     155 |       0 |   0.0 |      45 |       0 |   0.0
            +---------+---------+-------+---------+---------+-------
        D:1 |      34 |       0 |   0.0 |      20 |       0 |   0.0
        D:2 |      91 |       0 |   0.0 |      15 |       0 |   0.0
        D:3 |      30 |       0 |   0.0 |      10 |       0 |   0.0
            +---------+---------+-------+---------+---------+-------
